 Dungeon Crawl Stone Soup version 0.31-a0-182-gc5ef74bbde (webtiles) character file.

Game seed: 10261699992082980953

869 ytrimaz the Changer (level 8, -2/48 HPs)
             Began as an Octopode Transmuter on June 21, 2023.
             Slain by a black bear (12 damage)
             ... on level 5 of the Dungeon.
             The game lasted 00:07:49 (5144 turns).

ytrimaz the Changer (Octopode Transmuter)           Turns: 5144, Time: 00:07:50

Health: -2/48      AC:  2    Str: 10    XL:     8   Next: 3%
Magic:  13/15      EV: 19    Int: 17    God:
Gold:   348        SH:  5    Dex: 17    Spells: 4/17 levels left

rFire   . .          .
                       - Unarmed
rCold   . . .        (shield currently unavailable)
rNeg    . . .        (helmet currently unavailable)
rPois   x            h - amulet of reflection
rElec   .            j - ring of flight
rCorr   .            o - ring of wizardry
SInv    .            (no ring)
Will    .....        (no ring)
Stlth   ++           (no ring)
HPRegen 0.28/turn    (no ring)
MPRegen 0.14/turn    (no ring)
                     (no ring)

%: reflection, wizardry (x1)
@: spider-form (expiring), flying
A: venomous fangs, almost no armour, (amphibious), 8 rings, tiny, (camouflage
1), (gelatinous body 1), (nimble swimmer 1), (tentacles)
a: End Transformation


You were on level 5 of the Dungeon.
You were a venomous arachnid creature.
You visited 1 branch of the dungeon, and saw 7 of its levels.
You also visited: Ossuary.

You collected 348 gold pieces.


Innate Abilities, Weirdness & Mutations

You are a venomous arachnid creature.
You have venomous fangs.
You are tiny and dextrous.
Your spellcasting is less reliable in this form.
Your armour is entirely melded.
You are incapable of wielding weapons or throwing items.
You cannot wear most types of armour.
((You are amphibious.))
You can wear up to eight rings at the same time.
((Your skin changes colour to match your surroundings (Stealth+).))
((Your rubbery body absorbs attacks. (AC +1, EV +1)))
((You are camouflaged when in or above water. (Stealth+)))
((You have tentacles for arms and can constrict up to eight enemies at once.))


   Skills:
 - Level 1.0 Fighting
 - Level 2.0 Dodging
 - Level 3.6 Unarmed Combat
 + Level 5.3 Spellcasting
 + Level 5.8 Transmutations
 - Level 4.0 Poison Magic


You had 4 spell levels left.
You knew the following spells:

 Your Spells              Type           Power      Damage    Failure   Level
a - Beastly Appendage     Tmut           48%        N/A       2%          1
b - Wereblood             Tmut           24%        N/A       3%          2
c - Spider Form           Tmut/Pois      21%        N/A       6%          3
d - Ice Form              Ice/Tmut       14%        N/A       30%         4
e - Ignite Poison         Fire/Tmut/Pois 15%        N/A       11%         3

Your spell library contained the following spells:

 Spells                   Type           Power      Damage    Failure   Level
 Sting                    Tmut/Pois      84%        1d7       3%          1
 Apportation              Tloc           8%         N/A       13%         1
 Magic Dart               Conj           16%        1d3       13%         1
 Call Imp                 Summ           8%         N/A       19%         2
 Mephitic Cloud           Conj/Pois/Air  9%         N/A       21%         3
 Olgreb's Toxic Radiance  Pois           18%        N/A       21%         4
 Alistair's Intoxication  Tmut/Pois      14%        N/A       34%         5
 Starburst                Conj/Fire      2%         6d3       100%        6

Inventory:

Missiles
 g - a throwing net
Jewellery
 e - an amulet of the acrobat
   (You found it on level 1 of the Dungeon)
 h - an amulet of reflection (around neck)
   (You found it on level 1 of the Dungeon)
 j - a ring of flight (left front pincers)
   (You found it on level 2 of the Dungeon)
 o - a ring of wizardry (right front pincers)
   (You found it on level 3 of the Dungeon)
Wands
 m - a wand of paralysis (7)
   (You took it off Ijyb on level 2 of the Dungeon)
Scrolls
 c - a scroll of poison
 i - a scroll of torment
 s - a scroll of silence
 x - a scroll of fog
Potions
 a - 6 potions of degeneration
 b - a potion of ambrosia
 d - 2 potions of attraction {unknown}
 f - a potion of haste {unknown}
 k - 2 potions of mutation
 l - 2 potions of magic {unknown}
 n - 4 potions of lignification
 p - 4 potions of curing {unknown}
 q - 2 potions of might {unknown}
 t - 2 potions of resistance {unknown}

Dungeon Overview and Level Annotations

Branches:
Dungeon (7/15) Zot: 26141 Ossuary (visited)
 Temple: D:4-7

Altars:
Uskayaw

Shops:
D:4

( ### #.. #.# ###
#.#### #.. .....#
#.# #.##.#
...####h###.##.##.#
.......s..........#
........###.##.####
.....#### #.##.#
...#.######.##.##
.. ........#...## .
#.....##<....#
..###.........#
##.......##
#....>.##


You could see a black bear (berserk, extremely poisoned).


Message History

There is an open door here.
l - 2 bubbling silvery potions (gained 1)
You now have 348 gold pieces (gained 15).
Key pressed, stopping explore.
Key pressed, stopping explore.
x - a scroll labelled XEOPES XOKOAC You see here 8 stones.
Key pressed, stopping explore.
Key pressed, stopping explore.
Done exploring.
Done exploring.
Done exploring.
As you read the scroll of identify, it crumbles to dust.
x - a scroll of fog
As you read the scroll labelled ASHYEFRARAA, it crumbles to dust.
It is a scroll of enchant weapon.
You aren't carrying any weapons that can be enchanted.
As you read the scroll labelled ESUOT GOMILUE, it crumbles to dust.
The air around you briefly surges with heat, but it dissipates.
It was a scroll of immolation.
Unknown command.
As you read the scroll labelled FEX VAYCLEG, it crumbles to dust.
You feel strangely unstable.
It was a scroll of teleportation.
Unknown command.
Done exploring.
Unknown command.
Done exploring.
You start waiting.
Your surroundings suddenly seem different.
There is an open door here.
There is a stone staircase leading down here.
You fly downwards.
You hear the sound of rushing water.
There is an entrance to a sewer on this level.
Hurry and find it before the portal rusts away!
The walls and floor vibrate strangely for a moment.
Found a stone staircase leading down.
There is a stone staircase leading up here.
There is a stone staircase leading up here.
A black bear comes into view.
A black bear is nearby!
Casting: Spider Form (dangerous; 2% risk of failure)
Confirm with . or Enter, or press ? or * to list all spells.
You turn into a venomous arachnid creature. 😎 MP[-3]
You lost 3 mp, and now have 12/15 mp.
Unknown command.
The black bear completely misses you. x2; The black bear claws you. 😕 HP[-1]
You take 1 damage, and now have 47/48 hp.
You hit the black bear.
The black bear is poisoned.
The black bear bites you. The black bear claws you. x2 😮 HP[-12]
You take 12 damage, and now have 35/48 hp.
MASSIVE DAMAGE!! (PAUSE)
You hit the black bear but do no damage.
The black bear looks as sick as possible!
The black bear barely misses you. The black bear closely misses you.
The black bear completely misses you.
You hit the black bear.
The black bear looks as sick as possible!
The black bear bites you. The black bear completely misses you.
The black bear claws you but does no damage. 😮 HP[-5]
You take 5 damage, and now have 30/48 hp.
Unknown command.
You hit the black bear but do no damage.
The black bear looks as sick as possible!
Your transformation is almost over.
You block the black bear's attack. The black bear claws you. x2 😮 HP[-5]
You take 5 damage, and now have 25/48 hp.
You barely miss the black bear. You block the black bear's attack.
The black bear closely misses you. The black bear misses you. 😮 MP[+1]
You hit the black bear.
The black bear looks as sick as possible!
The black bear goes berserk!
You hit the black bear but do no damage.
The black bear looks as sick as possible!
The black bear misses you. The black bear completely misses you.
The black bear claws you.
* * * LOW HITPOINT WARNING * * *
😨 HP[-2]
You take 2 damage, and now have 23/48 hp.
You hit the black bear. The black bear closely misses you.
The black bear completely misses you. You block the black bear's attack.
The black bear completely misses you. The black bear barely misses you.
You block the black bear's attack. 😨 HP[+1] Unknown command.
You barely miss the black bear. The black bear misses you.
The black bear barely misses you. The black bear misses you.
You barely miss the black bear. The black bear misses you.
The black bear claws you!
* * * LOW HITPOINT WARNING * * *
The black bear claws you!
* * * LOW HITPOINT WARNING * * *
The black bear bites you!
You die...

Skill      XL: |  1  2  3  4  5  6  7 |
---------------+----------------------+-----
Transmutations | 3 4 5 |  5.8
Poison Magic   | 2 3 4 |  4.0
Spellcasting   | 3 4 5 |  5.3
Fighting       | |  1.0
Dodging        | |  2.0
Unarmed Combat | |  3.6

Action                     |  1- 3 |  4- 6 |  7- 9 || total
---------------------------+-------+-------+-------++-------
  Melee: Unarmed           |    77 |   150 |    75 ||   302
         Tentacles         |    11 |    29 |     5 ||    45
         Constrict         |    23 |    23 |     6 ||    52
         Kick              |    15 |     7 |       ||    22
         Punch             |     3 |     2 |     1 ||     6
   Cast: Beastly Appendage |    15 |     6 |       ||    21
         Wereblood         |     2 |     4 |     1 ||     7
         Spider Form       |       |     6 |     7 ||    13
         Ignite Poison     |       |     1 |       ||     1
         Ice Form          |       |       |     2 ||     2
    Use: Potion            |     1 |     1 |       ||     2
         Scroll            |       |     8 |     6 ||    14
   Stab: Sleeping          |     6 |     4 |     1 ||    11
 Armour: Skin              |    17 |     8 |    10 ||    35
  Dodge: Dodged            |    58 |    80 |    55 ||   193
  Block: Other             |       |    18 |    15 ||    33

Levels and vault maps discovered:
D:1:      nicolae_arrival_memento_mori, layout_rooms, minmay_parallelograms,
          chequers_serial_rivers_large_a, minmay_gold_behind_fungi
D:2:      kennysheep_the_goblin_king, layout_basic, serial_curves,
          eino_curves_01, eino_curves_03, chequers_serial_rivers_micro_d
D:3:      layout_loops_ring, shapermc_ecumenical_altar_venn
D:4:      layout_basic, mainiacjoe_overflow_tiny_flanked, serial_shops,
          nicolae_shop_tiny_real_fake_doors, chequers_ossuary_entry_cave
D:5:      layout_loops_corners, nemelex_dance_club_becter, portal_sewer_entry_e
D:6:      layout_rooms, mainiacjoe_overflow_boulevard,
          minmay_temple_entry_glassed_door, gammafunk_ghost_necromancy
D:7:      layout_basic, mainiacjoe_overflow_catwalk, overflow_temple_1_default,
          serial_shops, nicolae_shop_overgrown_old_shop, nicolae_shop_gadgets

Notes
Turn   | Place    | Note
-------+----------+-------------------------------------------
     0 | D:1      | ytrimaz the Octopode Transmuter began the quest for the
                  | Orb.
     0 | D:1      | Reached XP level 1. HP: 13/13 MP: 3/3
     0 | D:1      | magus.rc [v1.9.6]
    16 | D:1      | HP: 2/13 [ball python (3)]
    93 | D:1      | Reached XP level 2. HP: 17/18 MP: 3/5
   260 | D:1      | Learned a level 2 spell: Wereblood
   416 | D:1      | Reached XP level 3. HP: 12/23 MP: 6/6
  1190 | D:2      | You pick up a book of Party Tricks and begin reading...
  1190 | D:2      | You add the spells Apportation and Alistair's Intoxication
                  | to your library.
  1227 | D:2      | Learned a level 3 spell: Spider Form
  1259 | D:2      | You add the spells Sting, Ignite Poison, Olgreb's Toxic
                  | Radiance and Starburst to your library.
  1259 | D:2      | Got the Spellbook of the Impure Tropics
  1317 | D:2      | Reached XP level 4. HP: 22/28 MP: 6/8
  1586 | D:2      | Noticed Ijyb
  1602 | D:2      | Paralysed by Ijyb for 4 turns
  1608 | D:2      | Killed Ijyb
  1609 | D:2      | Reached skill level 3 in Transmutations
  1609 | D:2      | Reached skill level 1 in Poison Magic
  1962 | D:3      | Found a faded altar of an unknown god.
  2045 | D:3      | Identified the +0 pair of gloves of Elyvilon's Vengeance
                  | {Harm rF+ rC- Int+3}
  2125 | D:3      | Reached skill level 3 in Spellcasting
  2336 | D:3      | Learned a level 3 spell: Ignite Poison
  2349 | D:3      | Reached skill level 2 in Poison Magic
  2349 | D:3      | Reached XP level 5. HP: 25/33 MP: 4/9
  2458 | D:3      | You pick up a book of Minor Magic and begin reading...
  2458 | D:3      | You add the spells Magic Dart, Call Imp and Mephitic Cloud
                  | to your library.
  2964 | D:4      | Reached skill level 3 in Poison Magic
  2965 | D:4      | HP: 7/33 [poisoned by a gnoll sergeant]
  2981 | D:4      | Reached XP level 6. HP: 31/38 MP: 2/11
  3026 | D:4      | Found a sand-covered staircase.
  3035 | Ossuary  | Entered an ossuary
  3122 | Ossuary  | Reached skill level 4 in Poison Magic
  3138 | Ossuary  | Reached skill level 4 in Transmutations
  3334 | Ossuary  | Reached skill level 4 in Spellcasting
  3432 | Ossuary  | Reached XP level 7. HP: 28/43 MP: 13/13
  3734 | D:4      | Learned a level 4 spell: Ice Form
  3832 | D:4      | HP: 8/43 [something (14)]
  3837 | D:4      | HP: 4/43 [poisoned by an adder]
  4132 | D:4      | You are sucked into a shaft and drop 3 floors!
  4185 | D:6      | Reached skill level 5 in Transmutations
  4200 | D:6      | Noticed a vampire mosquito
  4254 | D:6      | Noticed a vampire mosquito
  4284 | D:5      | Entered Level 5 of the Dungeon
  4467 | D:4      | Reached skill level 5 in Spellcasting
  4670 | D:4      | Found a hide-covered altar of Uskayaw.
  4692 | D:4      | Reached XP level 8. HP: 35/48 MP: 4/15
  4834 | D:4      | Found Doalang's Antique Weapon Emporium.
  5144 | D:5      | HP: 10/48 [black bear (7)]
  5144 | D:5      | Slain by a black bear

Vanquished Creatures
  2 black bears
  A gnoll sergeant (D:4)
  A howler monkey (D:4)
  A centaur zombie (Ossuary)
  3 hounds
  2 human zombies (Ossuary)
  A jelly (D:4)
  A sleepcap (D:6)
  Ijyb (D:2)
  2 iguanas (D:4)
  5 mummies (Ossuary)
  7 gnolls
  5 adders
  A shadow imp (D:6)
  An ufetubus (D:4)
  2 dart slugs
  An orc (D:3)
  4 endoplasms
  4 giant cockroaches
  9 goblins
  6 hobgoblins
  7 jackals
  5 kobolds
  A quokka (D:3)
  13 ball pythons
  7 bats
  6 frilled lizards
  A hobgoblin zombie (Ossuary)
  3 kobold zombies (Ossuary)
  An orc zombie (Ossuary)
  7 rats
111 creatures vanquished.

Table legend:
 A = Non-vault XP
 B = Vault XP
 C = Vault XP percentage of total XP
 D = Non-vault monster count
 E = Vault monster count
 F = Vault count percentage of total count
                 A         B        C        D         E       F
            +---------+---------+-------+---------+---------+-------
      Total |     969 |     273 |  22.0 |      91 |      20 |  18.0
            +---------+---------+-------+---------+---------+-------
        D:1 |      48 |       0 |   0.0 |      32 |       0 |   0.0
        D:2 |      51 |      45 |  46.9 |      17 |       7 |  29.2
        D:3 |      65 |       0 |   0.0 |      16 |       0 |   0.0
        D:4 |     585 |       0 |   0.0 |      22 |       0 |   0.0
        D:6 |     220 |       0 |   0.0 |       4 |       0 |   0.0
    Ossuary |       0 |     228 | 100.0 |       0 |      13 | 100.0
            +---------+---------+-------+---------+---------+-------

Skill      XL: |  1  2  3  4  5  6  7 |
---------------+----------------------+-----
Transmutations | 3 4 5 |  5.8
Poison Magic   | 2 3 4 |  4.0
Spellcasting   | 3 4 5 |  5.3
Fighting       | |  1.0
Dodging        | |  2.0
Unarmed Combat | |  3.6

Action                     |  1- 3 |  4- 6 |  7- 9 || total
---------------------------+-------+-------+-------++-------
  Melee: Unarmed           |    77 |   150 |    75 ||   302
         Tentacles         |    11 |    29 |     5 ||    45
         Constrict         |    23 |    23 |     6 ||    52
         Kick              |    15 |     7 |       ||    22
         Punch             |     3 |     2 |     1 ||     6
   Cast: Beastly Appendage |    15 |     6 |       ||    21
         Wereblood         |     2 |     4 |     1 ||     7
         Spider Form       |       |     6 |     7 ||    13
         Ignite Poison     |       |     1 |       ||     1
         Ice Form          |       |       |     2 ||     2
    Use: Potion            |     1 |     1 |       ||     2
         Scroll            |       |     8 |     6 ||    14
   Stab: Sleeping          |     6 |     4 |     1 ||    11
 Armour: Skin              |    17 |     8 |    10 ||    35
  Dodge: Dodged            |    58 |    80 |    55 ||   193
  Block: Other             |       |    18 |    15 ||    33

Illustrated notes

Table legend:
 A = Kills in this place as a percentage of kills in the entire game.
 B = Kills by you in this place as a percentage of kills by you in the entire game.
 C = Kills by friends in this place as a percentage of kills by friends in the entire game.
 D = Other kills in this place as a percentage of other kills in the entire game.
 E = Experience gained in this place as a percentage of experience gained in the entire game.
 F = Experience gained in this place divided by the number of levels of this place that you have seen.
                   A       B       C       D       E      F
               +-------+-------+-------+-------+-------+----------------------
         Total | 100.0 | 100.0 |   N/A |   N/A | 100.0 | 155.2
       Dungeon |  88.3 |  88.3 |   N/A |   N/A |  81.6 | 144.9
       Ossuary |  11.7 |  11.7 |   N/A |   N/A |  18.4 | 228.0
               +-------+-------+-------+-------+-------+----------------------

Table legend: (Time is in decaauts)
 A = Elapsed time spent in this place.
 B = Non-inter-level travel time spent in this place.
 C = Inter-level travel time spent in this place.
 D = Time resting spent in this place.
 E = Time spent auto-exploring this place.
 F = Levels seen in this place.
 G = Mean time per level.
                   A        B        C        D        E       F      G
               +--------+--------+--------+--------+--------+-----+--------+
         Total |   5121 |   5000 |    121 |     50 |   3858 |   8 |  640.1 |
       Dungeon |   4601 |   4480 |    121 |     50 |   3511 |   7 |  657.3 |
       Ossuary |    519 |    519 |      0 |      0 |    347 |   1 |  519.0 |
               +--------+--------+--------+--------+--------+-----+--------+

Top non-repeatable levels by time:
     D:4: 1518 daAuts
     D:2: 992 daAuts
     D:3: 969 daAuts
     D:1: 899 daAuts
 Ossuary: 519 daAuts
     D:6: 114 daAuts
     D:5: 70 daAuts
     D:7: 36 daAuts
